 Dungeon Crawl Stone Soup version 0.14-a0-445-g388476e (webtiles) character file.

482 PolkaDot the Vexing (level 6, -3/41 HPs)
             Began as a Vampire Enchanter on Oct 30, 2013.
             Was a Follower of Ashenzari.
             Slain by a gnoll
             ... wielding a +0,+0 spear
              (6 damage)
             ... on Level 4 of the Dungeon.
             The game lasted 00:13:42 (3054 turns).

PolkaDot the Vexing (Vampire Enchanter)             Turns: 3054, Time: 00:13:43

HP  -3/41        AC  4     Str  9      XL: 6   Next:  4%
MP  11/19        EV 13     Int 17      God: Ashenzari [*.....]
Gold 205         SH  0     Dex 16      Spells:  2 memorised,  3 levels left

Res.Fire  : . . .   See Invis. : +   a - +1 dagger
Res.Cold  : + . .   Warding    : .   b - +1 robe
Life Prot.: + + .   Conserve   : .   (no shield)
Res.Poison: +       Res.Corr.  : .   (no helmet)
Res.Elec. : .       Clarity    : .   e - +0 orc cloak
Sust.Abil.: . .     Spirit.Shd : .   (no gloves)
Res.Mut.  : .       Stasis     : +   (no boots)
Res.Rott. : +       Flight     : .   o - amulet of stasis
Saprovore : . . .                    w - ring of magical power
                                     u - +4 ring of strength

@: regenerating slowly, confused, slightly resistant to hostile enchantments,
unstealthy
A: bottle blood, fangs 3, hooves 1, see invisible, unbreathing, Str -2
a: Bat Form, Bottle Blood, Renounce Religion


You were on level 4 of the Dungeon.
You worshipped Ashenzari.
Ashenzari was aware of your devotion.
You were very thirsty.

You visited 1 branch of the dungeon, and saw 4 of its levels.

You collected 185 gold pieces.

Inventory:

Hand weapons
 a - a +1,+1 dagger (weapon)
Missiles
 d - 12 darts (quivered)
Armour
 b - a +1 robe (worn)
 e - a +0 orcish cloak (worn)
Scrolls
 f - 5 scrolls of random uselessness {unknown}
 h - 2 scrolls of enchant weapon II {unknown}
 i - 2 scrolls of recharging {unknown}
 j - 2 scrolls of amnesia {unknown}
 k - 2 scrolls of fog {unknown}
 m - a scroll of teleportation {unknown}
 n - a scroll of fear {unknown}
 p - 4 scrolls of magic mapping {unknown}
 q - a scroll of noise {unknown}
 r - a scroll of curse jewellery
 t - 3 scrolls of identify {unknown}
 v - a scroll of enchant weapon I {unknown}
 x - a scroll of enchant armour {unknown}
Jewellery
 g - an uncursed ring of ice
 o - an amulet of stasis (around neck)
 u - a +4 ring of strength (left hand)
 w - a ring of magical power (right hand)
Potions
 l - 2 potions of flight
Books
 c - a book of Maledictions

   Spells                             Type                      Level
   *Corona                            Hexes                        1
   Sure Blade                         Hexes/Charms                 2
   Ensorcelled Hibernation            Hexes/Ice                    2
   *Confuse                           Hexes                        3
   Enslavement                        Hexes                        4
   Invisibility                       Hexes                        6
 s - a book of Transfigurations

   Spells                             Type                      Level
   Stoneskin                          Transmutation/Earth          2
   Ice Form                           Ice/Transmutation            4
   Statue Form                        Transmutation/Earth          6
   Dragon Form                        Transmutation                7


   Skills:
 - Level 3.0 Short Blades
 - Level 0.7 Throwing
 - Level 2.1 Dodging
 + Level 5.9 Stealth
 - Level 1.0 Spellcasting
 * Level 7.6 Hexes


You had 3 spell levels left.
You knew the following spells:

 Your Spells              Type           Power        Failure   Level  Hunger
A - Corona                Hex            ####...      1%          1    ##.....
C - Confuse               Hex            ####....     3%          3    ####...


Dungeon Overview and Level Annotations

Branches:
Dungeon (4/27)
 Temple: D:4-7

Altars:
Ashenzari
Fedhas
Xom


Innate Abilities, Weirdness & Mutations

You heal slowly.
You can bottle blood from corpses.
You have razor-sharp teeth.*
You have supernaturally acute eyesight.
You can survive without breathing.*
You have large cloven feet.*
You are weak. (Str -2)


Message History

The gnoll is lightly wounded.
The gnoll barely misses you.
You barely miss the gnoll.
The gnoll is lightly wounded.
The gnoll hits you from afar with a spear.
You hit the gnoll. Your bite misses the gnoll.
The gnoll is moderately wounded.
The gnoll hits you from afar with a spear.
You hit the gnoll but do no damage. You kick the gnoll.
The gnoll is heavily wounded.
The gnoll hits you from afar with a spear!
* * * LOW HITPOINT WARNING * * *
You hit the gnoll. Your kick misses the gnoll.
The gnoll is heavily wounded.
The gnoll hits you from afar with a spear.
* * * LOW HITPOINT WARNING * * *
Drink which item? (? for menu, Esc to quit)
You are confused.
It was a potion of confusion.
The gnoll hits you with a spear.
You die...

...#.# #.#
##+#.##.# #.#
#.....##.# #.#
#.......g## #..
+....g##..####..
...?.##..##....
#.....##..##....
#####'#...........
#@ggg.............
#####.#...........
#.#..##..[....
......+.......
##.#..#########
#.#... # #.#..##
....## #.#.#


You could see 3 gnolls.

Vanquished Creatures
  A crimson imp (D:4)
  An iguana (D:4)
  An orc wizard (D:3)
  6 gnolls (D:3)
  4 adders
  2 giant mites
  An inept feature mimic (D:4)
  3 worms
  5 giant geckos
  A ball python (D:2)
  8 bats
  6 goblins
  3 hobgoblins
  7 jackals
  5 kobolds
  10 giant cockroaches
  4 giant newts
  2 quokkas
  8 rats
78 creatures vanquished.

Notes
Turn   | Place    | Note
--------------------------------------------------------------
     0 | D:1      | PolkaDot, the Vampire Enchanter, began the quest for the Orb.
     0 | D:1      | Reached XP level 1. HP: 13/13 MP: 4/4
   138 | D:1      | Reached XP level 2. HP: 13/19 MP: 5/5
   579 | D:2      | Found a shattered altar of Ashenzari.
   585 | D:2      | Became a worshipper of Ashenzari the Shackled
   657 | D:2      | Found a blossoming altar of Fedhas.
   741 | D:2      | Reached XP level 3. HP: 24/24 MP: 6/6
  1281 | D:2      | Learned a level 3 spell: Confuse
  1355 | D:3      | Reached skill level 5 in Hexes
  1355 | D:3      | Reached XP level 4. HP: 17/30 MP: 1/8
  1511 | D:3      | Gained mutation: You have large cloven feet. [potion of mutation]
  1511 | D:3      | Gained mutation: You are weak. (Str -2) [potion of mutation]
  1646 | D:3      | Reached skill level 6 in Hexes
  1715 | D:3      | Reached skill level 5 in Stealth
  1933 | D:3      | Reached XP level 5. HP: 32/35 MP: 5/9
  2163 | D:3      | Found a shimmering altar of Xom.
  2470 | D:4      | Found a glowing drain.
  2500 | D:4      | the glowing drain was a mimic.
  2515 | D:4      | Reached skill level 7 in Hexes
  2958 | D:4      | Reached XP level 6. HP: 39/41 MP: 10/10
  3054 | D:4      | Slain by a gnoll

Action                   |  1- 3 |  4- 6 || total
-------------------------+-------+-------++-------
Melee: Dagger            |   135 |   222 ||   357
Throw: Dart              |       |     1 ||     1
 Cast: Corona            |     1 |     4 ||     5
       Confuse           |       |    22 ||    22
  Use: Potion            |     7 |     5 ||    12
 Stab: Sleeping          |     7 |     3 ||    10
       Confused          |       |    10 ||    10
